[Event "Titled Tuesday Blitz April 4 Late 2023"]
[White "ArchibaldCerveza29"]
[Black "Kornyukov, Alexey"]
[BlackFideId "4150457"]
[WhiteElo "2451"]
[BlackElo "2352"]
[Result "0-1"]
[Round "02"]
[TimeControl "180+2"]
[Date "2023.04.04"]
[WhiteClock "0:00:01"]
[BlackClock "0:00:03"]

1. e4 c5 2. Nf3 Nc6 3. d4 cxd4 4. Nxd4 Nf6 5. Nc3 e5 6. Ndb5 d6 7. Nd5 Nxd5 8. exd5 Nb8 9. c4 Be7 10. Be2 a6 11. Nc3 O-O 12. O-O f5 13. f4 Nd7 14. Kh1 Bf6 15. Qc2 g6 16. b4 a5 17. Ba3 exf4 18. Rxf4 Be5 19. Rf3 Nf6 20. Rd1 Ng4 21. h3 Qh4 22. Bf1 axb4 23. Bxb4 Bd7 24. Rb1 Nf6 25. c5 Ne4 26. cxd6 Rac8 27. Rb3 Ng3+ 28. Kg1 Bd4+ 29. Kh2 Be5 30. Kg1 Qd4+ 31. Qf2 Ne4 32. Qxd4 Bxd4+ 33. Kh2 Be5+ 34. Kg1 Bd4+ 35. Kh2 Be5+ 36. g3 Bd4 37. Nxe4 fxe4 38. Rxf8+ Rxf8 39. Be1 Rxf1 40. Rxb7 Rxe1 41. Rxd7 Re2+ 42. Kh1 Re1+ 43. Kg2 Re2+ 44. Kf1 Rf2+ 45. Ke1 e3 46. Re7 Bc3+ 47. Kd1 Rd2+ 48. Kc1 e2 49. d7 Rd1+ 50. Kc2 Rxd5 51. Rxe2 Bf6 52. Re8+ Kf7 53. Rc8 Rxd7 54. a4 Ra7 55. Kb3 Rb7+ 56. Kc4 Ke6 57. a5 Be5 58. a6 Rb1 59. a7 Ra1 60. a8=Q Rxa8 61. Rxa8 Bxg3 62. Rg8 Kf6 63. Kd3 h5 64. Ke4 Kg5 65. Kf3 Be5 66. Kg2 Kf5 67. Re8 Kg5 68. Kf3 Bf6 69. Rf8 Kf5 70. Rf7 g5 71. Rh7 Kg6 72. Ra7 Be5 73. Ra6+ Kf5 74. Ra5 g4+ 75. hxg4+ hxg4+ 76. Ke3 Kf6 77. Ke4 Bh2 78. Ra6+ Kg5 79. Ra2 Bd6 80. Ra5+ Kh4 81. Ra6 Bc7 82. Ra7 Bd6 83. Ra6 Bc7 84. Rc6 Bb8 85. Rc8 Bd6 86. Rh8+ Kg3 87. Kf5 Kf3 88. Rd8 Bf4 89. Rd3+ Be3 90. Rd1 g3 91. Ra1 Bf2 0-1


[Site "https://www.chess.com"]

[Event "Titled Tuesday Blitz April 4 Late 2023"]
[White "Donskov, Anatoly"]
[Black "Michalski, Olaf"]
[WhiteFideId "24143413"]
[BlackFideId "1106740"]
[WhiteElo "2247"]
[BlackElo "2173"]
[Result "1-0"]
[Round "02"]
[TimeControl "180+2"]
[Date "2023.04.04"]
[WhiteClock "0:00:48"]
[BlackClock "0:00:01"]

1. e4 c5 2. Nf3 a6 3. c4 Nc6 4. d4 cxd4 5. Nxd4 Nf6 6. Nc3 e5 7. Nc2 Bc5 8. Be2 h6 9. O-O d6 10. a3 Nd4 11. b4 Nxc2 12. Qxc2 Bd4 13. Be3 Bxe3 14. fxe3 Qb6 15. Qd3 O-O 16. Rad1 Be6 17. h3 Rac8 18. Nd5 Nxd5 19. exd5 Bd7 20. Bg4 f5 21. Bh5 e4 22. Qb3 1-0


[Site "https://www.chess.com"]

[Event "Titled Tuesday Blitz April 4 Late 2023"]
[White "Baruch, Liam"]
[Black "Goltseva, Ekaterina"]
[WhiteFideId "14322064"]
[BlackFideId "24173770"]
[WhiteElo "2150"]
[BlackElo "2200"]
[Result "0-1"]
[Round "02"]
[TimeControl "180+2"]
[Date "2023.04.04"]
[WhiteClock "0:00:04"]
[BlackClock "0:00:23"]

1. e4 c5 2. Nc3 e6 3. f4 Nc6 4. Nf3 d5 5. Bb5 d4 6. Ne2 Nf6 7. d3 Qa5+ 8. c3 Qxb5 9. e5 Nd7 10. cxd4 cxd4 11. O-O Bc5 12. Ng3 Ne7 13. Ne4 Nf5 14. a3 a5 15. g4 Ne3 16. Bxe3 dxe3 17. Kh1 b6 18. Qc2 Bb7 19. h3 O-O 20. Kh2 Rac8 21. Rfe1 f5 22. gxf5 exf5 23. Neg5 h6 24. e6 Nf6 25. a4 Qe8 26. Qb3 Qe7 27. Ne5 Bd5 28. Ng6 Bxb3 29. Nxe7+ Bxe7 30. Nf3 Rc2+ 31. Kg3 Nh5# 0-1


[Site "https://www.chess.com"]

[Event "Titled Tuesday Blitz April 4 Late 2023"]
[White "Erzhanov, Arman"]
[Black "Krasteva, Beloslava"]
[WhiteFideId "4138821"]
[BlackFideId "2922029"]
[WhiteElo "2138"]
[BlackElo "2187"]
[Result "1-0"]
[Round "02"]
[TimeControl "180+2"]
[Date "2023.04.04"]
[WhiteClock "0:00:17"]
[BlackClock "0:00:01"]

1. e4 d5 2. exd5 Qxd5 3. Nf3 Bg4 4. Be2 Nf6 5. O-O e6 6. h3 Bh5 7. d4 c6 8. c4 Qd8 9. Qb3 Qb6 10. Qc2 Be7 11. Be3 Qc7 12. Nc3 O-O 13. Rad1 Nbd7 14. Rfe1 Bg6 15. Qc1 Ne4 16. Nxe4 Bxe4 17. Ng5 Bg6 18. Bf3 Nf6 19. Be2 Rfd8 20. Nf3 c5 21. b3 Rac8 22. Bf4 Qa5 23. Qb2 Ne4 24. Bd3 Nc3 25. Rd2 cxd4 26. Bxg6 hxg6 27. Rxd4 Bf6 28. Rxd8+ Rxd8 29. Be5 Bxe5 30. Rxe5 Rd1+ 31. Kh2 Qc7 32. g3 Nb1 33. Qc2 Qd7 34. Re2 Na3 35. Qb2 Qd6 36. Rd2 Rxd2 37. Nxd2 b5 38. Ne4 Qd3 39. Qxa3 Qxe4 40. Qxa7 bxc4 41. bxc4 Qxc4 42. a4 Kh7 43. a5 Qe2 44. Qb6 g5 45. a6 g4 46. h4 1-0


[Site "https://www.chess.com"]

[Event "Titled Tuesday Blitz April 4 Late 2023"]
[White "Tsukerman, Julia"]
[Black "Urbina Perez, Juan Antonio"]
[WhiteFideId "2621649"]
[BlackFideId "2217368"]
[WhiteElo "1667"]
[BlackElo "2197"]
[Result "0-1"]
[Round "02"]
[TimeControl "180+2"]
[Date "2023.04.04"]
[WhiteClock "0:00:12"]
[BlackClock "0:01:20"]

1. e4 c5 2. Nf3 d6 3. d4 cxd4 4. Nxd4 Nf6 5. Nc3 Nc6 6. Be3 Ng4 7. Nxc6 bxc6 8. Bc1 g6 9. Be2 Nf6 10. O-O Bg7 11. Be3 O-O 12. Qd2 Qc7 13. f3 Rb8 14. Rab1 Be6 15. Kh1 Rfd8 16. Bh6 d5 17. Bxg7 Kxg7 18. exd5 cxd5 19. b3 Rdc8 20. Nb5 Qxc2 21. Qxc2 Rxc2 22. Nd4 Rxa2 23. Nxe6+ fxe6 24. Bd3 Rd2 25. Ba6 Rb6 26. Ra1 Kf7 27. Rfb1 Nh5 28. Bf1 Rb7 29. Ra6 Nf4 30. g3 Nd3 31. Kg1 Nc5 32. Ra5 Rxb3 33. Rxb3 Nxb3 34. Rxa7 Rd1 35. Ra2 Nd2 0-1


[Site "https://www.chess.com"]

[Event "Titled Tuesday Blitz April 4 Late 2023"]
[White "Moral Garcia, Serafin"]
[Black "Bongo Akanga Ndjila, Barthelemy"]
[WhiteFideId "2201925"]
[BlackFideId "10609431"]
[WhiteElo "2274"]
[BlackElo "1768"]
[Result "1-0"]
[Round "02"]
[TimeControl "180+2"]
[Date "2023.04.04"]
[WhiteClock "0:01:27"]
[BlackClock "0:01:39"]

1. c4 e6 2. Nf3 d5 3. b3 Nf6 4. Bb2 c5 5. e3 Nc6 6. cxd5 exd5 7. d4 Bg4 8. Be2 Qa5+ 9. Nc3 Ne4 10. Rc1 cxd4 11. Nxd4 Bxe2 12. Nxe2 Bb4 13. O-O Nxc3 14. Nxc3 O-O 15. a4 Rad8 16. Nb5 a6 17. Nd4 Ne5 18. Nf5 f6 19. Qd4 g6 20. Nh6+ Kg7 21. Ng4 Rfe8 22. Nxf6 Kxf6 23. Qf4+ Kg7 24. Bxe5+ Kg8 25. Qf6 Bf8 26. Rc7 Rxe5 27. Qxe5 Bd6 28. Qe6+ Kh8 29. Qf6+ 1-0


[Site "https://www.chess.com"]

[Event "Titled Tuesday Blitz April 4 Late 2023"]
[White "Romkachess"]
[Black "Matute Escobar, Roxanny"]
[BlackFideId "3926028"]
[WhiteElo "2446"]
[BlackElo "1844"]
[Result "1-0"]
[Round "02"]
[TimeControl "180+2"]
[Date "2023.04.04"]
[WhiteClock "0:00:08"]
[BlackClock "0:00:03"]

1. e4 c5 2. Nf3 d6 3. d4 cxd4 4. Nxd4 Nf6 5. Nc3 g6 6. Be2 Bg7 7. O-O O-O 8. Be3 Nc6 9. h3 Bd7 10. Qd2 a6 11. Rad1 b5 12. a3 Rb8 13. f4 b4 14. axb4 Nxb4 15. Bf3 e5 16. Nb3 exf4 17. Bxf4 Qb6+ 18. Kh2 Ne8 19. Be3 Qc7 20. Bd4 Bxd4 21. Nxd4 d5+ 22. Kh1 dxe4 23. Nxe4 Qe5 24. Rde1 Qc7 25. Qh6 Nd5 26. Qg5 Be6 27. Ng3 Qc4 28. Nxe6 fxe6 29. Rxe6 Nf4 30. Re7 Nf6 31. Qe5 Rb5 32. Qc7 1-0


[Site "https://www.chess.com"]

[Event "Titled Tuesday Blitz April 4 Late 2023"]
[White "Manu_ChessExcelsior"]
[Black "mohsengabr2002"]
[WhiteElo "2131"]
[BlackElo "2446"]
[Result "0-1"]
[Round "02"]
[TimeControl "180+2"]
[Date "2023.04.04"]
[WhiteClock "0:00:03"]
[BlackClock "0:01:31"]

1. e4 d6 2. d4 Nf6 3. Nc3 c6 4. Be3 b5 5. Bd3 g6 6. h3 Bg7 7. Qd2 Nbd7 8. Nf3 Nb6 9. O-O-O Nc4 10. Bxc4 bxc4 11. Bh6 Bxh6 12. Qxh6 Rb8 13. e5 Nd5 14. Qg7 Rf8 15. exd6 Qxd6 16. Nxd5 cxd5 17. Qe5 Qb6 18. b3 cxb3 19. axb3 Be6 20. Rhe1 Rc8 21. Re3 Qc7 22. Qxc7 Rxc7 23. Rde1 Bf5 24. c3 f6 25. Kb2 Kf7 26. g4 Bc8 27. g5 Bxh3 28. Rh1 Bg4 29. Rxh7+ Kg8 30. Rh6 Bxf3 31. Rxf3 Kg7 32. Rfh3 fxg5 33. Rh7+ Kg8 34. Rh8+ Kf7 35. R3h7+ Ke8 0-1


[Site "https://www.chess.com"]

[Event "Titled Tuesday Blitz April 4 Late 2023"]
[White "Winkels, Marcel"]
[Black "Mordechai, Hanan"]
[WhiteFideId "1003887"]
[BlackFideId "2804166"]
[WhiteElo "1900"]
[BlackElo "2324"]
[Result "0-1"]
[Round "02"]
[TimeControl "180+2"]
[Date "2023.04.04"]
[WhiteClock "0:00:02"]
[BlackClock "0:00:58"]

1. d4 Nf6 2. Nc3 e6 3. Bf4 d5 4. Nb5 Na6 5. e3 Be7 6. Nf3 O-O 7. Ne5 c6 8. Nc3 Nc7 9. Qf3 a6 10. g4 Nb5 11. Nxb5 axb5 12. Bd3 Qa5+ 13. c3 b4 14. Kd2 bxc3+ 15. bxc3 c5 16. g5 Ne4+ 17. Bxe4 dxe4 18. Qxe4 cxd4 19. exd4 Rd8 20. Rhc1 Bd7 21. Nxd7 Rxd7 22. h4 Rad8 23. Be3 e5 24. Ke2 exd4 25. Bxd4 Bf8 26. Kf1 Re7 27. Qf3 b5 28. h5 b4 29. h6 Qxg5 30. hxg7 Bxg7 31. Bxg7 Kxg7 32. cxb4 Qb5+ 33. Kg1 Rd6 34. Rc5 Rg6+ 35. Kh2 Qxb4 36. Rf5 Qh4+ 37. Qh3 Re4 38. Rf3 Qe7 0-1


[Site "https://www.chess.com"]

[Event "Titled Tuesday Blitz April 4 Late 2023"]
[White "Bouget, Alexandre"]
[Black "Levine, David"]
[WhiteFideId "681318"]
[BlackFideId "2011611"]
[WhiteElo "2182"]
[BlackElo "2089"]
[Result "1-0"]
[Round "02"]
[TimeControl "180+2"]
[Date "2023.04.04"]
[WhiteClock "0:01:21"]
[BlackClock "0:00:18"]

1. Nc3 d5 2. e4 d4 3. Nce2 c5 4. d3 Nc6 5. f4 Nf6 6. Nf3 Bg4 7. c3 Bxf3 8. gxf3 e5 9. fxe5 Nxe5 10. Ng3 h5 11. Be2 h4 12. Nf1 Qb6 13. f4 Nc6 14. Nd2 O-O-O 15. Nc4 Qc7 16. Bf3 b5 17. Na3 a6 18. c4 b4 19. Nc2 Bd6 20. O-O Kb8 21. e5 Nxe5 22. fxe5 Bxe5 23. Qe2 Rde8 24. b3 g5 25. a3 g4 26. Bh1 Bg3 27. Qg2 Nh5 28. Qa8# 1-0


[Site "https://www.chess.com"]

[Event "Titled Tuesday Blitz April 4 Late 2023"]
[White "reevecanada"]
[Black "Oliveira, Tiago Batista"]
[BlackFideId "2108291"]
[WhiteElo "2433"]
[BlackElo "1962"]
[Result "1-0"]
[Round "02"]
[TimeControl "180+2"]
[Date "2023.04.04"]
[WhiteClock "0:02:10"]
[BlackClock "0:00:11"]

1. e4 c5 2. Nf3 Nc6 3. Bb5 d6 4. O-O Bd7 5. c3 g6 6. d4 cxd4 7. cxd4 Bg7 8. Nc3 Qb6 9. d5 Ne5 10. Be3 Qa5 11. Bxd7+ Nxd7 12. Bd4 Ngf6 13. e5 dxe5 14. Nxe5 Nxe5 15. Bxe5 O-O 16. Re1 Rfd8 17. Qb3 b6 18. Rad1 Rac8 19. d6 exd6 20. Bxf6 Bxf6 21. Nd5 Bg5 22. f4 Bh4 23. g3 Qc5+ 24. Kh1 1-0


[Site "https://www.chess.com"]

[Event "Titled Tuesday Blitz April 4 Late 2023"]
[White "Hartikainen, Jarmo"]
[Black "Marczuk, Dominik"]
[WhiteFideId "503134"]
[BlackFideId "1111264"]
[WhiteElo "2064"]
[BlackElo "2174"]
[Result "0-1"]
[Round "02"]
[TimeControl "180+2"]
[Date "2023.04.04"]
[WhiteClock "0:00:06"]
[BlackClock "0:01:41"]

1. e4 c5 2. c3 Nf6 3. e5 Nd5 4. d4 cxd4 5. Nf3 Nc6 6. cxd4 d6 7. Nc3 Nxc3 8. bxc3 Bg4 9. Be2 Qa5 10. O-O dxe5 11. Nxe5 Bxe2 12. Qxe2 Nxe5 13. dxe5 e6 14. Rb1 b6 15. Qb5+ Qxb5 16. Rxb5 Rc8 17. Bd2 Bc5 18. a4 O-O 19. a5 a6 20. Rb2 b5 21. Re1 Rfd8 22. Be3 Bxe3 23. Rxe3 Rd1+ 0-1


[Site "https://www.chess.com"]

[Event "Titled Tuesday Blitz April 4 Late 2023"]
[White "Bochnicka, Vladimir"]
[Black "Aung Thant Zin"]
[WhiteFideId "14943450"]
[BlackFideId "13000063"]
[WhiteElo "2094"]
[BlackElo "2278"]
[Result "1-0"]
[Round "02"]
[TimeControl "180+2"]
[Date "2023.04.04"]
[WhiteClock "0:01:38"]
[BlackClock "0:00:04"]

1. e4 c5 2. Nf3 Nc6 3. d4 cxd4 4. Nxd4 Nf6 5. Nc3 d6 6. f3 e5 7. Nb3 Be7 8. Be3 O-O 9. Nd5 Nxd5 10. exd5 Nb8 11. Qd2 a5 12. a4 f5 13. Bd3 Nd7 14. O-O-O b6 15. Kb1 Nc5 16. Nxc5 bxc5 17. Bb5 Bd7 18. c4 f4 19. Bf2 Bf5+ 20. Ka1 Bf6 21. g4 fxg3 22. hxg3 e4 23. g4 Bg6 24. f4 Ra7 25. Be3 Be8 26. g5 Be7 27. Qh2 Bg6 28. Rdf1 Bf5 29. Rfg1 Rb7 30. Bd2 Ra7 31. Bc3 Bg6 32. Rg4 Rf5 33. Rh4 Qf8 34. Rxh7 Bxh7 35. Qxh7+ Kf7 36. g6# 1-0


[Site "https://www.chess.com"]

[Event "Titled Tuesday Blitz April 4 Late 2023"]
[White "Steenbekkers, Franck"]
[Black "Yeritsyan, Hayk"]
[WhiteFideId "1004220"]
[BlackFideId "13307320"]
[WhiteElo "1937"]
[BlackElo "2426"]
[Result "1-0"]
[Round "02"]
[TimeControl "180+2"]
[Date "2023.04.04"]
[WhiteClock "0:00:49"]
[BlackClock "0:01:01"]

1. e4 c6 2. c4 d5 3. cxd5 cxd5 4. exd5 Qxd5 5. Nc3 Qd6 6. d4 Nf6 7. Nf3 a6 8. Bd3 Bg4 9. Be3 e6 10. Qa4+ Qd7 11. Ne5 Qxa4 12. Nxa4 Nbd7 13. Nxg4 Nxg4 14. Be4 Nxe3 15. fxe3 Kd8 16. O-O Nf6 17. Bxb7 Ra7 18. Bf3 Bd6 19. Rfc1 Ke7 20. Rc6 Rb8 21. Rac1 a5 22. b3 g6 23. Nc5 Bxc5 24. R1xc5 Kd7 25. Rc4 Rb4 26. R6c5 h5 27. Rxa5 Rxa5 28. Rxb4 Rxa2 29. Rb7+ Ke8 30. Bc6+ Kf8 31. h3 Rb2 32. b4 h4 33. b5 Nh5 34. Ra7 Rb1+ 35. Kf2 Ng3 36. e4 f5 37. d5 f4 38. Kf3 exd5 39. exd5 g5 40. d6 Rd1 41. d7 Ke7 42. Ra8 Nf5 43. Re8+ Kf7 44. d8=Q Nd4+ 45. Kg4 1-0


[Site "https://www.chess.com"]

[Event "Titled Tuesday Blitz April 4 Late 2023"]
[White "Kielinkei"]
[Black "Vargas, Mauricio"]
[BlackFideId "4404572"]
[WhiteElo "2425"]
[BlackElo "1998"]
[Result "1-0"]
[Round "02"]
[TimeControl "180+2"]
[Date "2023.04.04"]
[WhiteClock "0:01:49"]
[BlackClock "0:00:43"]

1. c4 e5 2. Nc3 Nc6 3. g3 f5 4. Bg2 Nf6 5. d3 Bb4 6. Nf3 O-O 7. O-O Bxc3 8. bxc3 d6 9. d4 e4 10. Nd2 b6 11. e3 Ba6 12. f3 Qe8 13. fxe4 Nxe4 14. Nxe4 fxe4 15. Rxf8+ Kxf8 16. Qg4 Bxc4 17. Bxe4 d5 18. Bxh7 Qf7 19. Ba3+ Ke8 20. Bg6 Kd8 21. Bxf7 1-0


[Site "https://www.chess.com"]

[Event "Titled Tuesday Blitz April 4 Late 2023"]
[White "Holt, Conrad"]
[Black "Naroditsky, Daniel"]
[WhiteFideId "2034387"]
[BlackFideId "2026961"]
[WhiteElo "2592"]
[BlackElo "2633"]
[Result "0-1"]
[Round "03"]
[TimeControl "180+2"]
[Date "2023.04.04"]
[WhiteClock "0:00:02"]
[BlackClock "0:00:15"]

1. d4 d6 2. Nf3 Bg4 3. c4 Nd7 4. Qb3 Qc8 5. h3 Bh5 6. g3 c6 7. Bg2 e5 8. Nbd2 Ngf6 9. O-O Be7 10. Qe3 Qc7 11. Nh4 O-O 12. Nf5 Rfe8 13. Nxe7+ Rxe7 14. f4 exf4 15. Qxe7 Re8 16. Qxe8+ Nxe8 17. g4 Bg6 18. Rxf4 d5 19. Rf2 Nef6 20. b3 h5 21. gxh5 Bxh5 22. Nf1 Nf8 23. Bf4 Qe7 24. Ng3 Bg6 25. Rd1 Ne4 26. Bxe4 Bxe4 27. Kh2 Qe6 28. Rg1 Ng6 29. Bg5 b5 30. c5 a5 31. a3 a4 32. b4 f6 33. Bd2 Kf7 34. Nh5 Bf5 35. Rg3 Qe4 36. Be3 Qb1 37. Rg1 Qb3 38. Rg3 Qb1 39. Rg1 Qb3 40. Rg3 Be4 41. Bh6 Qd1 42. Rg1 Qxd4 43. e3 Qe5+ 44. Rg3 Qxh5 45. Bxg7 Kxg7 46. Rg4 Qe5+ 47. Kg1 Qa1+ 48. Kh2 Qxa3 49. Rg3 Qc1 0-1


[Site "https://www.chess.com"]

[Event "Titled Tuesday Blitz April 4 Late 2023"]
[White "Erigaisi Arjun"]
[Black "Pakleza, Zbigniew"]
[WhiteFideId "35009192"]
[BlackFideId "1119290"]
[WhiteElo "2737"]
[BlackElo "2410"]
[Result "1-0"]
[Round "03"]
[TimeControl "180+2"]
[Date "2023.04.04"]
[WhiteClock "0:00:10"]
[BlackClock "0:00:09"]

1. d3 d5 2. g3 Nf6 3. Bg2 Bf5 4. Nc3 e6 5. Nf3 h6 6. O-O Be7 7. e4 Bh7 8. exd5 exd5 9. Re1 O-O 10. Bf4 c6 11. Nd4 Re8 12. Qd2 Nbd7 13. Bh3 Bf8 14. Rxe8 Nxe8 15. Re1 Nd6 16. Bxd6 Bxd6 17. Bf5 Bc5 18. Qf4 Qf6 19. Bxh7+ Kxh7 20. Qxf6 Nxf6 21. Nb3 Bd6 22. Kg2 Kg8 23. Kf3 Kf8 24. h4 h5 25. Na4 g6 26. a3 Nd7 27. Na5 Rb8 28. d4 Bc7 29. Nb3 Bd6 30. Nc1 Nb6 31. Nc3 Nc4 32. Nd3 b5 33. Ra1 a5 34. a4 b4 35. Nd1 b3 36. c3 Re8 37. Ne3 Nxe3 38. fxe3 Bxg3 39. Nc5 Bxh4 40. Nxb3 Bg5 41. Nxa5 Rxe3+ 42. Kf2 Rd3 43. Nb3 Bf4 44. a5 Bb8 45. a6 Ba7 46. Na5 Rd2+ 47. Ke3 Rxb2 48. Nxc6 Bb6 49. a7 Bxa7 50. Rxa7 h4 51. Ne5 h3 52. Rxf7+ Kg8 53. Rf3 h2 54. Rh3 Rc2 55. Kf4 Kg7 56. Ng4 Rxc3 57. Rxh2 Rd3 58. Ke5 Rg3 59. Nf2 g5 60. Kxd5 Kg6 61. Ne4 Ra3 62. Ke5 g4 63. Rg2 Kh5 64. Nf6+ Kh6 65. Nxg4+ Kh5 66. Nf6+ Kh6 67. Ne4 1-0


[Site "https://www.chess.com"]

[Event "Titled Tuesday Blitz April 4 Late 2023"]
[White "Duda, Jan-Krzysztof"]
[Black "Costachi, Mihnea"]
[WhiteFideId "1170546"]
[BlackFideId "1217518"]
[WhiteElo "2790"]
[BlackElo "2456"]
[Result "1-0"]
[Round "03"]
[TimeControl "180+2"]
[Date "2023.04.04"]
[WhiteClock "0:00:12"]
[BlackClock "0:00:26"]

1. d4 Nf6 2. c4 g6 3. Nc3 Bg7 4. e4 O-O 5. Be2 d6 6. Nf3 Na6 7. O-O e5 8. Be3 c6 9. d5 Ng4 10. Bg5 f6 11. Bd2 c5 12. h3 Nh6 13. Qc1 Nf7 14. a3 f5 15. Rb1 f4 16. Kh2 g5 17. g4 fxg3+ 18. fxg3 g4 19. hxg4 Bxg4 20. Nh4 Bxe2 21. Nxe2 Nh8 22. Nf5 Ng6 23. Bg5 Qd7 24. Kg2 Nc7 25. b4 cxb4 26. axb4 Bf6 27. Bh6 Rf7 28. c5 Nb5 29. Be3 Kh8 30. Rb3 Rc8 31. Qc4 a6 32. Nc3 Nd4 33. Nxd4 exd4 34. Bxd4 Bxd4 35. Qxd4+ Kg8 36. Rbb1 Rcf8 37. cxd6 Qxd6 38. Rxf7 Rxf7 39. b5 Nh4+ 40. gxh4 Rg7+ 41. Kh1 Qg3 42. Qxg7+ Qxg7 43. Rg1 a5 44. Rxg7+ Kxg7 45. d6 Kf6 46. e5+ Ke6 47. Na4 h5 48. Nc5+ Kxe5 49. Nxb7 a4 50. d7 a3 51. d8=Q a2 52. Qh8+ Kf5 53. Qa1 Kg4 54. Qxa2 Kh3 55. b6 Kg4 56. Nc5 Kf4 57. Qe6 Kg3 58. Qe4 Kh3 59. Nd3 Kg3 60. Qf4+ Kh3 61. Nf2# 1-0


[Site "https://www.chess.com"]

[Event "Titled Tuesday Blitz April 4 Late 2023"]
[White "Firouzja, Alireza"]
[Black "Mahdavi, Reza"]
[WhiteFideId "12573981"]
[BlackFideId "12595926"]
[WhiteElo "2904"]
[BlackElo "2357"]
[Result "1/2-1/2"]
[Round "03"]
[TimeControl "180+2"]
[Date "2023.04.04"]
[WhiteClock "0:00:05"]
[BlackClock "0:00:07"]

1. d4 Nf6 2. c4 g6 3. Nc3 Bg7 4. e4 d6 5. Nf3 O-O 6. Be2 e5 7. O-O exd4 8. Nxd4 Re8 9. f3 c6 10. Nc2 Na6 11. Kh1 h6 12. Bf4 d5 13. cxd5 cxd5 14. exd5 Nh5 15. Bd2 Nc7 16. Be1 Bxc3 17. Bxc3 Nxd5 18. Bd2 Bf5 19. Nd4 Ne3 20. Bxe3 Rxe3 21. Nxf5 gxf5 22. f4 Qxd1 23. Bxd1 Nf6 24. Bf3 Ne4 25. Rae1 Rxe1 26. Rxe1 Rd8 27. g4 Nf2+ 28. Kg2 Nxg4 29. Re2 Rd7 30. Kg3 Nf6 31. Re5 Kg7 32. Rxf5 b6 33. Re5 Rd2 34. Re2 Rxe2 35. Bxe2 Ne4+ 36. Kf3 f5 37. Bd3 Nd6 38. Ke3 Kf6 39. Kd4 Ke6 40. b4 Ne8 41. Bc4+ Kd6 42. Bd3 Ng7 43. a3 Ne6+ 44. Ke3 Ng7 45. Bc4 Nh5 46. Bf7 Nf6 47. Kd4 Ke7 48. Bc4 Kd6 49. Bd3 Nd5 50. Bxf5 Nxf4 51. Kc4 Nd5 52. Kb5 Nc7+ 53. Kc4 Ke5 54. Bc2 Kf4 55. a4 h5 56. Bd1 h4 57. b5 Ke4 58. Bg4 Ne8 59. Kc3 Nd6 60. Bh5 Ke3 61. Bg4 Nf7 62. Be6 Ne5 63. Bf5 Kf4 64. Be6 Ke3 65. h3 Nf3 66. Kc4 Ke4 67. Bc8 Ne5+ 68. Kc3 Nf7 69. Be6 Nd6 70. Bg4 Kd5 71. Bf3+ Kc5 72. Bg4 Ne4+ 73. Kb3 Nd2+ 74. Kc3 Ne4+ 75. Kb3 Nf2 76. Bf5 Nd1 77. Bc8 Ne3 78. Bd7 Nc4 79. Kc3 Ne5 80. Bf5 Nf3 81. Bg4 Nd4 82. Bd1 Ne6 83. Bg4 Nf4 84. Bf5 Nd5+ 85. Kb3 Kd4 86. Bg4 Nf4 87. Bf5 Nd5 88. Bc8 Ne3 89. Kb4 Nc2+ 90. Kb3 Ne3 91. Kb4 Nc2+ 92. Kb3 Ne1 93. Bd7 Nd3 94. Bc8 Kc5 95. Kc3 Nf4 96. Bf5 Ne2+ 97. Kd3 Nc1+ 98. Ke4 Kb4 99. Kf4 Kxa4 100. Kg4 Kxb5 101. Kxh4 Kc5 102. Kg5 Kd6 103. h4 Ke7 104. h5 Kf8 105. Kf6 Kg8 106. Be6+ Kh8 107. Bc4 a5 108. Ke5 a4 109. Kd4 a3 110. Kc3 a2 111. Kb2 b5 112. Bxb5 Nb3 113. Kxa2 Nd4 114. Kb2 Nxb5 115. h6 Nd6 116. h7 Nf7 117. Kc2 Ng5 118. Kd2 Nxh7 1/2-1/2


[Site "https://www.chess.com"]

[Event "Titled Tuesday Blitz April 4 Late 2023"]
[White "Bilych, Olexiy"]
[Black "Fedoseev, Vladimir"]
[WhiteFideId "14156504"]
[BlackFideId "24130737"]
[WhiteElo "2320"]
[BlackElo "2752"]
[Result "0-1"]
[Round "03"]
[TimeControl "180+2"]
[Date "2023.04.04"]
[WhiteClock "0:00:01"]
[BlackClock "0:00:35"]

1. d4 b6 2. e4 Bb7 3. Bd3 g6 4. Nf3 Bg7 5. O-O e6 6. c3 h6 7. h4 d6 8. Re1 Nd7 9. Nbd2 a6 10. a4 Ngf6 11. Nf1 Nh5 12. N1h2 e5 13. g3 Nhf6 14. dxe5 dxe5 15. b4 O-O 16. Qc2 Re8 17. Nf1 Qc8 18. Ne3 c5 19. Nc4 Qc7 20. Be3 b5 21. axb5 axb5 22. Ncd2 c4 23. Bf1 Ng4 24. Bh3 Ndf6 25. Bc5 Bc6 26. Bg2 Qb7 27. Nh2 Nxh2 28. Kxh2 Bf8 29. Bxf8 Kxf8 30. f3 Red8 31. Nf1 Rd3 32. Rxa8+ Qxa8 33. Rd1 Qa4 34. Rc1 Qa3 35. Nd2 Nd7 36. Bf1 Rd6 37. Bxc4 Qa7 0-1


[Site "https://www.chess.com"]

[Event "Titled Tuesday Blitz April 4 Late 2023"]
[White "Papasimakopoulos, Alexandros"]
[Black "Sadhwani, Raunak"]
[WhiteFideId "4244125"]
[BlackFideId "35093487"]
[WhiteElo "2359"]
[BlackElo "2631"]
[Result "0-1"]
[Round "03"]
[TimeControl "180+2"]
[Date "2023.04.04"]
[WhiteClock "0:00:03"]
[BlackClock "0:00:59"]

1. d4 g6 2. c4 Bg7 3. e4 d6 4. Nc3 Nd7 5. Nf3 c6 6. Be2 Ngf6 7. O-O O-O 8. h3 e5 9. Re1 Nh5 10. dxe5 dxe5 11. g3 Qe7 12. Bg5 Nhf6 13. Qc1 Nc5 14. Bf1 a5 15. Kg2 Re8 16. Qc2 Ne6 17. Be3 Nh5 18. Rad1 h6 19. Qd2 Kh7 20. Qd6 Qf6 21. Nh2 Bf8 22. Qd2 Rd8 23. Ng4 Nef4+ 24. gxf4 Bxg4 25. Nd5 cxd5 26. hxg4 dxe4 27. fxe5 Qf3+ 28. Kh2 Rxd2 29. Rxd2 Qxg4 30. Bh3 Qh4 31. Rd7 Be7 32. Rg1 Nf4 33. Rg3 Re8 34. Rxb7 h5 35. c5 Nxh3 36. Rxh3 Qg4 37. Rg3 Qe6 38. Bf4 Qf5 39. Be3 Qxe5 40. Kh1 Rb8 41. Ra7 h4 42. Rg4 Qe6 43. Rf4 g5 44. Rxf7+ Qxf7 45. Bxg5 Re8 46. Bxe7 Rxe7 47. Rxe7 Qxe7 48. f3 e3 49. f4 e2 50. f5 e1=Q+ 51. Kg2 Qg3+ 52. Kf1 Qee1# 0-1


[Site "https://www.chess.com"]

[Event "Titled Tuesday Blitz April 4 Late 2023"]
[White "Svane, Rasmus"]
[Black "Yanchenko, Roman"]
[WhiteFideId "4657101"]
[BlackFideId "4137329"]
[WhiteElo "2597"]
[BlackElo "2491"]
[Result "1/2-1/2"]
[Round "03"]
[TimeControl "180+2"]
[Date "2023.04.04"]
[WhiteClock "0:00:09"]
[BlackClock "0:00:20"]

1. Nf3 d5 2. g3 Nf6 3. Bg2 Bf5 4. O-O e6 5. c4 c6 6. Qb3 Qb6 7. d3 Nbd7 8. cxd5 exd5 9. Qc2 Be7 10. Nc3 O-O 11. e4 dxe4 12. dxe4 Bg6 13. Nh4 Rad8 14. h3 Rfe8 15. Kh2 Nh5 16. Be3 Qa5 17. Nxg6 hxg6 18. a3 Bd6 19. Rad1 Qc7 20. f4 g5 21. e5 Nxe5 22. Rxd6 Qxd6 23. fxe5 Qxe5 24. Bf2 Nf6 25. Bxa7 g4 26. h4 Nh5 27. Bf2 g6 28. Ne4 f5 29. Qb3+ Qe6 30. Qxe6+ Rxe6 31. Nc3 Rd2 32. b4 Rc2 33. Nd1 Ree2 34. Ne3 Rxf2 35. Nxc2 Rxc2 36. a4 Rb2 37. b5 cxb5 38. a5 Ra2 39. Rb1 f4 40. gxf4 Nxf4 41. Kg3 Nxg2 42. Rxb5 Ne3 43. Kf4 g3 44. Kxe3 g2 45. Rg5 Kh7 46. Kf3 Kh6 47. Rxg2 Rxa5 48. Rd2 Rf5+ 49. Kg4 Rc5 50. Rd8 b5 51. Rh8+ Kg7 52. Rb8 Kf6 53. Rb6+ Kf7 54. Rb7+ Kg8 55. Rb8+ Kg7 56. Kg3 Rd5 57. Kg4 Kf6 58. Rb6+ Kf7 59. Rb7+ Kf6 60. Rb6+ Kg7 61. Rb7+ Kh6 62. Kg3 Rc5 63. Rb8 Rc3+ 64. Kg4 Rc4+ 65. Kg3 b4 66. Rh8+ Kg7 67. Rb8 Rd4 68. Rb7+ Kf6 69. Rb6+ Kf5 70. Rb5+ Ke4 71. Rb6 Kd3 72. Rxg6 Kc3 73. Rc6+ Rc4 74. Rxc4+ Kxc4 75. h5 b3 76. h6 b2 77. h7 b1=Q 78. h8=Q Qg1+ 79. Kf3 Qf1+ 80. Kg3 Qe1+ 81. Kg2 Qd2+ 82. Kf3 Qc3+ 83. Qxc3+ Kxc3 1/2-1/2


[Site "https://www.chess.com"]